 Dungeon Crawl Stone Soup version 0.19-a0-347-g6bb00b2 (webtiles) character file.

4912 Leszczynek the Basher (level 10, -1/63 HPs)
             Began as an Octopode Monk on May 29, 2016.
             Was a High Priest of Pakellas.
             Slain by an unseen horror (7 damage)
             ... on level 10 of the Dungeon.
             The game lasted 00:29:53 (10254 turns).

Leszczynek the Basher (Octopode Monk)              Turns: 10254, Time: 00:29:54

Health: -1/63      AC:  1    Str: 11    XL:     10   Next: 51%
Magic:  16/16      EV: 21    Int: 18    God:    Pakellas [*****.]
Gold:   599        SH:  0    Dex: 22    Spells: 0 memorised, 9 levels left

rFire  . . .     SeeInvis .     a - +0 demon whip (venom)
rCold  + + .     Gourm    .     O - +0 buckler
rNeg   + . .     Faith    .     (helmet restricted)
rPois  .         Spirit   .     (no amulet)
rElec  .         Dismiss  .     e - ring of protection from cold
rCorr  .         Reflect  .     j - ring of protection from cold
SustAt .         Harm     .     v - ring of positive energy
MR     .....                    (no ring)
Stlth  +++.......               (no ring)
                                (no ring)
                                (no ring)
                                (no ring)

@: confused, brilliant, agile, very slightly contaminated, hasted, invisible,
very quick, not resistant to hostile enchantments, fairly stealthy
A: almost no armour, amphibious, 8 rings, constrict 8, camouflage 1, gelatinous
body 1
a: Quick Charge, Device Surge, Renounce Religion


You were on level 10 of the Dungeon.
You worshipped Pakellas.
Pakellas was extremely pleased with you.
You were hungry.

You visited 1 branch of the dungeon, and saw 10 of its levels.

You collected 599 gold pieces.

Inventory:

Hand Weapons
 a - a +0 demon whip of venom (weapon)
 b - a +1 morningstar of protection
 L - a +0 blowgun
 N - a +1 battleaxe of electrocution
Missiles
 s - 9 curare-tipped needles
 y - 2 needles of frenzy
 z - 26 poisoned needles
 A - 6 javelins (quivered)
 E - 4 poisoned javelins
 G - 5 tomahawks
Armour
 O - a +0 buckler (worn)
Rods
 c - a +8 rod of shadows (9/13)
   (Pakellas gifted it to you on level 9 of the Dungeon)
Jewellery
 e - a ring of protection from cold (left tentacle)
 j - a ring of protection from cold (right tentacle)
 v - a ring of positive energy (on tentacle)
Wands
 k - a wand of slowing (3/48)
 r - a wand of iceblast (1/15)
 t - a wand of enslavement (7/24)
 J - a wand of lightning (7/15)
 K - a wand of iceblast (9/15)
 M - a wand of flame (14/48)
 Q - a wand of confusion (16/48)
Scrolls
 l - 3 scrolls of remove curse
Potions
 i - 3 potions of flight
 m - a potion of curing
 o - 2 potions of might
 w - 5 potions of magic
 C - a potion of haste
Miscellaneous
 d - a lamp of fire (inert)
Comestibles
 g - 4 beef jerkies
 h - 20 fruits
 H - 6 bread rations
 R - 7 meat rations


   Skills:
 - Level 3.1 Fighting
   Level 1.5 Short Blades
 + Level 11.1 Maces & Flails
 - Level 5.4 Dodging
 - Level 2.6 Stealth
 * Level 2.5 Shields
 - Level 5.3 Unarmed Combat
 + Level 8.3 Evocations


You had 9 spell levels left.
You didn't know any spells.

Dungeon Overview and Level Annotations

Branches:
Dungeon (10/15)            Temple (0/1) D:7            Lair (0/8) D:10
    Orc: D:9-12

Altars:
Cheibriados
Dithmenos
Elyvilon
Fedhas
Gozag
Hepliaklqana
Nemelex Xobeh
Pakellas
Qazlal
Trog
Vehumet
Yredelemnul
Zin

Annotations:
D:6 2 exclusions, Charly's ghost, novice HOGl
D:7 Dowan
D:10 exclusions: eye of draining and vampire


Innate Abilities, Weirdness & Mutations

You cannot wear most types of armour.
You are amphibious.
You can wear up to eight rings at the same time.
You can use your tentacles to constrict eight enemies at once.
Your skin changes colour to match your surroundings (Stealth+).
Your rubbery body absorbs attacks. (AC +1)


Message History

Drink which item? (? for menu, Esc to quit)
It was a potion of agility.
You feel agile all of a sudden. Something barely misses you.
Drink which item? (? for menu, Esc to quit)
It was a potion of ambrosia.
You are confused.
You feel invigorated. Something closely misses you.
Something barely misses you. Something hits you!
* * * LOW HITPOINT WARNING * * *
Something closely misses you.
Unknown command.
Something hits you!
* * * LOW HITPOINT WARNING * * *
Unknown command.
Something hits you but does no damage. Something hits you!
You die...
Pakellas says: Time to find a new assistant...

.## #...########....##...##
#..###.........##..........#
..........#.....#..........# ##
..........#.....#..........# #.
.....[....#.....'....##...######.
..........'.....#....##>..##...#.
#..###....##...##.........#<.....
######....#######.........#[.....
#............@.........#......
#.>.........###'#########'####
#.....).....##....####.##...##
###............#......#.......#.
#..............#......#.......#.
#........##...##......#.......#.
#.._.....##...##......'.......'.
#.............##......##......#.
#.............##......##......##


There were no monsters in sight!

Vanquished Creatures
  Maurice (D:8)
  A troll (D:10)
  Prince Ribbit (D:7)
  3 yaks (D:10)
  Grum (D:8)
  Duvessa (D:7)
  2 orc warriors
  A phantom (D:10)
  A necrophage (D:8)
  6 centaurs
  An ice beast (D:8)
  6 ogres
  3 wolves (D:8)
  A crocodile (D:10)
  5 big kobolds
  4 giant frogs
  A scorpion (D:6)
  A centaur zombie (D:8)
  A crimson imp (D:9)
  A quasit (D:9)
  A giant frog zombie (D:6)
  2 orc priests (D:3)
  A giant frog skeleton (D:5)
  4 hounds
  3 orc wizards
  2 iguanas
  8 worker ants
  4 hound skeletons
  A howler monkey skeleton (D:9)
  2 howler monkey zombies
  A worker ant zombie (D:10)
  13 adders
  2 gnolls (D:2)
  2 river rats (D:10)
  2 shadow imps
  3 oozes
  An adder skeleton (D:4)
  An adder zombie (D:9)
  4 worms
  3 dart slugs
  A giant gecko (D:5)
  19 orcs
  5 giant cockroaches
  9 goblins
  6 hobgoblins
  3 jackals (D:9)
  13 quokkas
  2 ball pythons
  15 bats
  A giant gecko zombie (D:9)
  5 giant newts
  31 kobolds
  19 rats
231 creatures vanquished.

Vanquished Creatures (collateral kills)
  An orc wizard (D:8)
1 creature vanquished.

Vanquished Creatures (others)
  A hydra (D:2)
  7 fungi
  3 plants
11 creatures vanquished.

Grand Total: 243 creatures vanquished

Notes
Turn   | Place    | Note
--------------------------------------------------------------
     0 | D:1      | Leszczynek the Octopode Monk began the quest for the Orb.
     0 | D:1      | Reached XP level 1. HP: 16/16 MP: 1/1
   177 | D:1      | Reached XP level 2. HP: 21/21 MP: 2/2
   718 | D:2      | Found an oddly glowing altar of Pakellas.
   719 | D:2      | Noticed a five-headed hydra
   722 | D:2      | Became a worshipper of Pakellas the Inventive
   722 | D:2      | Reached * piety under Pakellas
   722 | D:2      | Received a gift from Pakellas
   722 | D:2      | Reached ** piety under Pakellas
   722 | D:2      | Received a gift from Pakellas
   730 | D:2      | Killed a five-headed hydra
   794 | D:2      | Reached XP level 3. HP: 26/26 MP: 3/3
   832 | D:2      | Found a glowing silver altar of Zin.
   882 | D:2      | Reached skill level 1 in Evocations
   902 | D:2      | Reached skill level 5 in Unarmed Combat
  1115 | D:2      | Reached XP level 4. HP: 31/31 MP: 4/4
  1845 | D:2      | Reached *** piety under Pakellas
  1845 | D:2      | Received a gift from Pakellas
  1945 | D:3      | Reached skill level 1 in Short Blades
  1945 | D:3      | Reached XP level 5. HP: 36/36 MP: 6/6
  2018 | D:3      | Reached skill level 1 in Maces & Flails
  2127 | D:3      | Reached skill level 2 in Maces & Flails
  2127 | D:3      | Reached XP level 6. HP: 33/42 MP: 8/8
  2271 | D:3      | Found a bloodstained altar of Trog.
  2949 | D:4      | Reached skill level 3 in Maces & Flails
  3422 | D:5      | Entered Level 5 of the Dungeon
  3436 | D:5      | Reached **** piety under Pakellas
  3436 | D:5      | Received a gift from Pakellas
  3436 | D:5      | Reached XP level 7. HP: 39/46 MP: 9/9
  3474 | D:5      | Reached skill level 4 in Maces & Flails
  3629 | D:5      | Gained mutation: You can translocate small distances at will. [potion of beneficial mutation]
  3630 | D:5      | Gained mutation: You are somewhat resistant to further mutation. [potion of beneficial mutation]
  4072 | D:6      | Reached skill level 5 in Maces & Flails
  4073 | D:6      | Found a basalt altar of Yredelemnul.
  4353 | D:6      | Found a snail-covered altar of Cheibriados.
  4634 | D:6      | Found a hazy altar of Hepliaklqana.
  4645 | D:6      | Reached skill level 5 in Evocations
  4645 | D:6      | Reached XP level 8. HP: 47/52 MP: 11/11
  4728 | D:6      | Found a blossoming altar of Fedhas.
  4742 | D:6      | Reached skill level 6 in Maces & Flails
  4863 | D:6      | Noticed Charly's ghost (novice HOGl)
  5094 | D:7      | Noticed Prince Ribbit
  5342 | D:7      | Killed Prince Ribbit
  5607 | D:7      | Found a snail-covered altar of Cheibriados.
  5681 | D:7      | Found a radiant altar of Vehumet.
  5702 | D:7      | Reached skill level 7 in Maces & Flails
  5823 | D:7      | Noticed Dowan
  5824 | D:7      | Noticed Duvessa
  5883 | D:7      | Killed Duvessa
  5883 | D:7      | Reached skill level 5 in Dodging
  6068 | D:7      | Found a staircase to the Ecumenical Temple.
  6459 | D:8      | Found a white marble altar of Elyvilon.
  6714 | D:8      | Noticed Maurice
  6727 | D:8      | Reached XP level 9. HP: 56/56 MP: 8/12
  6731 | D:8      | Noticed Grum
  6733 | D:8      | Killed Maurice
  6733 | D:8      | Reached skill level 8 in Maces & Flails
  7219 | D:8      | Reached skill level 9 in Maces & Flails
  7468 | D:8      | Killed Grum
  7765 | D:9      | Found a shadowy altar of Dithmenos.
  7765 | D:9      | Found a stormy altar of Qazlal.
  7927 | D:9      | Reached ***** piety under Pakellas
  7927 | D:9      | Received a gift from Pakellas
  7992 | D:9      | Reached skill level 10 in Maces & Flails
  8103 | D:9      | Reached XP level 10. HP: 53/62 MP: 15/15
  8105 | D:9      | Found a sparkling altar of Nemelex Xobeh.
  8649 | D:9      | Found a glowing silver altar of Zin.
  8650 | D:9      | Found an opulent altar of Gozag.
  8721 | D:10     | Entered Level 10 of the Dungeon
  9481 | D:10     | Reached skill level 11 in Maces & Flails
  9481 | D:10     | Reached skill level 1 in Shields
  9890 | D:10     | Found a blossoming altar of Fedhas.
 10041 | D:10     | Found a staircase to the Lair.
 10198 | D:10     | Identified a +8 rod of shadows (13/13) (Pakellas gifted it to you on level 9 of the Dungeon)
 10245 | D:10     | HP: 6/63 [something (12)]
 10246 | D:10     | Lost mutation: You are somewhat resistant to further mutation. [potion of cure mutation]
 10246 | D:10     | Lost mutation: You can translocate small distances at will. [potion of cure mutation]
 10252 | D:10     | HP: 2/63 [something (10)]
 10254 | D:10     | Slain by an unseen horror

Vault maps used:
D:1:      kennysheep_arrival_forest
D:2:      wad_woods_stonehenge, first_bread, gammafunk_pakellas_spire_experiment
D:3:      nicolae_overflow_crystal_walls
D:6:      nicolae_whirlpool, old_standard_altar, yredelemnul_altar_generic,
          basic_altar, fedhas_altar_3
D:7:      cheibrodos_worm_habitat, lemuel_doored_altar, temple_hall,
          uniq_prince_ribbit1, uniq_duvessa, uniq_crazy_yiuf_cottage
D:8:      elyvilon_altar_5, uniq_grum, uniq_maurice
D:9:      grunt_temple_overflow_gold_and_silver,
          nemelex_xobeh_ov_fountains_minmay, grunt_temple_overflow_open,
          blue_anna_alchemist
D:10:     grunt_lair_entry_orc_guard_hut, basic_altar

Skill      XL: |  1  2  3  4  5  6  7  8  9 10 |
---------------+-------------------------------+-----
Evocations     | 1 2 3 5 7 8 |  8.3
Unarmed Combat | 5 |  5.3
Short Blades   | 1 |  1.5
Maces & Flails | 2 3 5 7 10 11 | 11.1
Dodging        | 5 |  5.4
Shields        | 2 |  2.5
Fighting       | |  3.1
Stealth        | |  2.6

Action                   |  1- 3 |  4- 6 |  7- 9 | 10-12 || total
-------------------------+-------+-------+-------+-------++-------
Melee: Dagger            |    88 |    65 |       |       ||   153
       Constrict         |    19 |    30 |    54 |    30 ||   133
       Unarmed           |     2 |       |       |       ||     2
       Tentacles         |    21 |    17 |    47 |    29 ||   114
       Punch             |     5 |     5 |    18 |     5 ||    33
       Morningstar       |       |    60 |   220 |   143 ||   423
       Demon whip        |       |       |       |     1 ||     1
Throw: Javelin           |       |       |     5 |     1 ||     6
Invok: Quick Charge      |       |     3 |     2 |       ||     5
Evoke: Wand              |       |    10 |    28 |    12 ||    50
       Lamp of fire      |       |       |     1 |     1 ||     2
       Rod               |       |       |       |     2 ||     2
  Use: Scroll            |       |     7 |    11 |     3 ||    21
       Potion            |       |       |     3 |    12 ||    15
 Stab: Sleeping          |     8 |    12 |    13 |     2 ||    35
  Eat: Chunk             |     1 |     6 |    11 |     4 ||    22
       Pizza             |       |     1 |     1 |       ||     2
       Beef jerky        |       |       |     1 |       ||     1
       Fruit             |       |       |       |     4 ||     4
Armor: Skin              |    10 |    28 |    48 |    54 ||   140
Dodge: Dodged            |    36 |    78 |   160 |   138 ||   412
Block: Buckler           |       |       |       |    12 ||    12
